 Dungeon Crawl Stone Soup version 0.25.1-2-g60ff931df9 (webtiles) character file.

Game seed: 16687429040312636838

108 Delamore the Skirmisher (level 4, -2/30 HPs)
             Began as a Gargoyle Fighter on Aug 29, 2020.
             Slain by a gnoll
             ... wielding a +0 spear
              (4 damage)
             ... on level 3 of the Dungeon.
             The game lasted 00:01:48 (2542 turns).

Delamore the Skirmisher (Gargoyle Fighter)          Turns: 2542, Time: 00:01:49

Health: -2/30      AC: 11    Str: 21    XL:     4   Next: 87%
Magic:  4/4        EV:  7    Int:  8    God:
Gold:   105        SH:  9    Dex:  9    Spells: 3/3 levels left

rFire    . . .     SeeInvis .   a - +0 flail
rCold    . . .     Gourm    .   c - +0 kite shield
rNeg     + . .     Faith    .   b - +0 scale mail
rPois    ∞         Spirit   .   g - +0 helmet
rElec    +         Reflect  .   (no cloak)
rCorr    .         Harm     .   (no gloves)
MR       .....                  (no boots)
Stlth    ..........             (no amulet)
HPRegen  0.10/turn              (no ring)
MPRegen  0.09/turn              (no ring)

@: no status effects
A: negative energy resistance 1, electricity resistance, unbreathing,
petrification resistance, rot immunity, AC +3
a: no special abilities


You were on level 3 of the Dungeon.
You were not hungry.

You visited 1 branch of the dungeon, and saw 3 of its levels.

You collected 105 gold pieces.

Inventory:

Hand Weapons
 a - a +0 flail (weapon)
Armour
 b - a +0 scale mail (worn)
 c - a +0 kite shield (worn)
 g - a +0 helmet (worn)
Jewellery
 n - an uncursed ring of poison resistance {unknown}
Scrolls
 e - 4 scrolls of identify {unknown}
 h - a scroll of fog {unknown}
 j - 3 scrolls of remove curse {unknown}
 l - 5 scrolls of amnesia {unknown}
Potions
 d - a potion of might
 i - a potion of curing {unknown}
 k - a potion of heal wounds {unknown}
Comestibles
 f - 4 rations


   Skills:
 * Level 4.5 Fighting
 + Level 2.7 Maces & Flails
 + Level 4.0 Armour
 + Level 3.9 Shields


You had 3 spell levels left.
You didn't know any spells.
Your spell library was empty.

Dungeon Overview and Level Annotations

Branches:
Dungeon (3/15)

Altars:


Innate Abilities, Weirdness & Mutations

You are resistant to torment.
Your stone body is resilient. (AC +3)
You are immune to poison.
You resist negative energy. (rN+)
You are resistant to electric shocks. (rElec)
You can survive without breathing.
You are immune to petrification.
You are immune to rotting.


Message History

The gnoll hits you but does no damage.
You are too injured to fight recklessly!
You are too injured to fight recklessly!
You are too injured to fight recklessly!
You are too injured to fight recklessly!
You are too injured to fight recklessly!
You are too injured to fight recklessly!
You are too injured to fight recklessly!
You are too injured to fight recklessly!
You are too injured to fight recklessly!
You are too injured to fight recklessly!
You are too injured to fight recklessly!
You are too injured to fight recklessly!
You sock the gnoll!
The gnoll is severely wounded.
The gnoll hits you with a +0 flail.
* * * LOW HITPOINT WARNING * * *
You block the leopard gecko's attack.
The gnoll hits you from afar with a +0 spear.
You die...

............#
...#.#####+##
.....##.....
..(.).......
.....#...... ###
...........##+##.#
.#...##.##.##.##.#
.....##....##.##)######.
.....##.........@g......
.....#####.#####.lg...##
#....# #.# ####...#
##...#####.# ...#
..[........# .##
####.####### .. # ### #
#


You could see 2 gnolls and a leopard gecko.

Vanquished Creatures
  Robin (D:2)
  2 adders (D:2)
  A gnoll (D:3)
  An ooze (D:2)
  A worm (D:2)
  A dart slug (D:2)
  An orc (D:3)
  3 bats
  5 giant cockroaches
  17 goblins
  5 hobgoblins
  A quokka (D:3)
  2 frilled lizards
  4 kobolds
  11 rats
56 creatures vanquished.

Notes
Turn   | Place    | Note
-------+----------+-------------------------------------------
     0 | D:1      | Delamore the Gargoyle Fighter began the quest for the Orb.
     0 | D:1      | Reached XP level 1. HP: 14/14 MP: 1/1
   320 | D:1      | Reached XP level 2. HP: 19/19 MP: 2/2
   623 | D:1      | Reached XP level 3. HP: 24/24 MP: 3/3
  1199 | D:2      | Noticed Robin
  1478 | D:2      | Killed Robin
  1623 | D:2      | Reached XP level 4. HP: 25/29 MP: 4/4
  2542 | D:3      | Slain by a gnoll

Illustrated notes

Levels and vault maps discovered:
D:1:      lemuel_arrival_muddy, layout_basic
D:2:      minmay_door_path, layout_basic, uniq_robin
D:3:      layout_basic, old_standard_altar, nemelex_lonely_heart_becter

Skill      XL: |  1  2  3  4 |
---------------+-------------+-----
Fighting       | 4 |  4.5
Armour         | 4 |  4.0
Maces & Flails | |  2.7
Shields        | |  3.9

Action                   |  1- 3 |  4- 6 || total
-------------------------+-------+-------++-------
Melee: Flail             |   165 |    58 ||   223
  Eat: Chunk             |     2 |     4 ||     6
Armor: Scale mail        |   116 |    41 ||   157
Dodge: Dodged            |    63 |    22 ||    85
Block: Kite shield       |    93 |    33 ||   126
